 Dungeon Crawl Stone Soup version 0.29.0-5-ge4962eb29e (webtiles) character file.

Game seed: 13747881151088591402

121 xian the Shooter (level 4, -2/25 HPs)
             Began as a Deep Elf Arcane Marksman on Aug 29, 2022.
             Killed from afar by an orc wizard (9 damage)
             ... with a magic dart
             ... on level 3 of the Dungeon.
             The game lasted 00:06:13 (3100 turns).

xian the Shooter (Deep Elf Arcane Marksman)         Turns: 3100, Time: 00:06:14

Health: -2/25      AC:  5    Str:  9    XL:     4   Next: 77%
Magic:  8/8        EV: 17    Int: 18    God:
Gold:   150        SH:  0    Dex: 15    Spells: 5/6 levels left

rFire   . . .      SeeInvis .   l - +1 short sword (speed)
rCold   . . .      Faith    .   (no shield)
rNeg    . . .      Spirit   .   c - +0 robe
rPois   .          Reflect  .   m - +0 helmet
rElec   .          Harm     .   (no cloak)
rCorr   .          Rampage  .   s - +0 pair of gloves
Will    .....                   n - +0 pair of boots
Stlth   +.........              (no amulet)
HPRegen 0.08/turn               k - +4 ring of evasion
MPRegen 0.11/turn               (no ring)

@: no status effects
A: no striking features
a: no special abilities


You were on level 3 of the Dungeon.
You visited 1 branch of the dungeon, and saw 3 of its levels.

You collected 150 gold pieces.

Inventory:

Hand Weapons
 a - a +1 sling
 l - a +1 short sword of speed (weapon)
Armour
 c - a +0 robe (worn)
 h - an orb of guile
 m - a +0 helmet (worn)
 n - a +0 pair of boots (worn)
 s - a +0 pair of gloves (worn)
Jewellery
 k - a +4 ring of evasion (left hand)
Scrolls
 b - a scroll of poison
 e - a scroll of teleportation {unknown}
 g - 5 scrolls of identify {unknown}
 p - a scroll of torment {unknown}
 q - a scroll of butterflies {unknown}
 r - 2 scrolls of noise {unknown}
Potions
 d - a potion of curing {unknown}
 f - 2 potions of attraction {unknown}
 i - 2 potions of invisibility
 j - a potion of mutation {unknown}
 o - 2 potions of might {unknown}


   Skills:
 + Level 1.1 Fighting
 + Level 6.0 Ranged Weapons
 + Level 2.8 Dodging
 + Level 1.6 Spellcasting
 + Level 4.4 Hexes


You had 5 spell levels left.
You knew the following spells:

 Your Spells              Type           Power      Damage    Failure   Level
a - Slow                  Hex            68%        N/A       3%          1

Your spell library contained the following spells:

 Spells                   Type           Power      Damage    Failure   Level
 Confusing Touch          Hex            17%        N/A       10%         3
 Freeze                   Ice            4%         1d3       19%         1
 Inner Flame              Hex/Fire       9%         N/A       22%         3
 Portal Projectile        Hex/Tloc       18%        N/A       22%         3
 Summon Guardian Golem    Hex/Summ       9%         N/A       22%         3
 Static Discharge         Conj/Air       1%         3-4/arc   28%         2
 Cause Fear               Hex            8%         N/A       30%         4
 Frozen Ramparts          Ice            2%         1d1       50%         3
 Vampiric Draining        Necr           1%         2d6       50%         3
 Dispel Undead            Necr           1%         3d6       88%         4
 Hailstorm                Conj/Ice       1%         3d3       88%         4
 Sticky Flame             Conj/Fire      1%         2d3       88%         4
 Lightning Bolt           Conj/Air       0%         1d11      99%         5
 Orb of Destruction       Conj           0%         9d5       100%        7
 Spellforged Servitor     Conj/Summ      0%         N/A       100%        7
 Maxwell's Capacitive Co  Air            0%         ∞         100%        8


Dungeon Overview and Level Annotations

Branches:
Dungeon (3/15)

Altars:


Message History

Really attack while wielding your +1 sling?
Okay, then.
Okay, then.
Your hands tingle!
l - a +1 short sword of speed (weapon)
The orc wizard hits you with a +0 dagger.
Unknown command.
You barely miss the orc wizard. The orc wizard barely misses you.
You closely miss the orc wizard. You closely miss the orc wizard.
The orc wizard hits you with a +0 dagger.
You closely miss the orc wizard. The orc wizard casts a spell at you.
The puff of flame hits you!
You closely miss the orc wizard. You hit the orc wizard.
The orc wizard is moderately wounded.
The orc wizard hits you but does no damage.
You closely miss the orc wizard.
The orc wizard is moderately wounded.
The orc wizard closely misses you.
You hit the orc wizard but do no damage.
The orc wizard is moderately wounded.
The orc wizard gestures at you while chanting.
The puff of flame hits you.
You hit the orc wizard but do no damage.
The orc wizard is moderately wounded.
You hit the orc wizard but do no damage.
The orc wizard is moderately wounded.
The orc wizard misses you.
You hit the orc wizard.
The orc wizard is moderately wounded.
The orc wizard points at you and mumbles some strange words.
The magic dart hits you.
* * * LOW HITPOINT WARNING * * *
You hit the orc wizard but do no damage.
The orc wizard is moderately wounded.
The orc wizard gestures at you while chanting.
The magic dart hits you!
You die...

#####.(...###.########o.......
##..#............o÷.###...
##...###.########.....###
##.## #.# ####.## # #.# #.#
##....# #.# #.# ###..o#.## #
#.# #.# #...#....### #.#
#.#####.#...###..< #.#
#@oo....##.## #### #.#
##########.# #.# #.# #.# #.#
##.#############.#
#................#
##.############### ###


You could see an orc wizard and an orc.

Vanquished Creatures
  An orc wizard (D:3)
  3 adders
  2 worms (D:2)
  An orc (D:3)
  4 ball pythons
  6 endoplasms
  3 giant cockroaches
  5 hobgoblins
  5 jackals
  8 kobolds
  4 quokkas
  6 bats
  5 frilled lizards
  4 goblins
  3 rats
60 creatures vanquished.

Vanquished Creatures (others)
  10 plants (D:2)
  12 withered plants (D:2)
22 creatures vanquished.

Grand Total: 82 creatures vanquished

Notes
Turn   | Place    | Note
-------+----------+-------------------------------------------
     0 | D:1      | xian the Deep Elf Arcane Marksman began the quest for the
                  | Orb.
     0 | D:1      | Reached XP level 1. HP: 11/11 MP: 5/5
   396 | D:1      | Reached skill level 3 in Ranged Weapons
   454 | D:1      | Reached XP level 2. HP: 16/16 MP: 6/6
  1421 | D:2      | Reached skill level 1 in Fighting
  1421 | D:2      | Reached XP level 3. HP: 18/20 MP: 7/7
  1432 | D:2      | Reached skill level 4 in Ranged Weapons
  2040 | D:2      | Identified the +7 flail of Sount {flame, Str+4 Dex+3}
  2119 | D:2      | Found a faded altar of an unknown god.
  2161 | D:2      | Reached skill level 5 in Ranged Weapons
  2161 | D:2      | Reached XP level 4. HP: 25/25 MP: 8/8
  2674 | D:3      | Reached skill level 6 in Ranged Weapons
  2743 | D:3      | HP: 1/25 [something/magic dart (8)]
  3100 | D:3      | Killed from afar by an orc wizard

Illustrated notes

Levels and vault maps discovered:
D:1:      erik_arrival_triangle_medium, layout_basic, minmay_pentomino_q2
D:2:      layout_loops_cross, shapermc_ecumenical_altar_flowoftime,
          minmay_joined_circles
D:3:      layout_loops_ring, grunt_decor_fettered,
          chequers_serial_rivers_micro_d

Skill      XL: |  1  2  3  4 |
---------------+-------------+-----
Ranged Weapons | 3 5 6 |  6.0
Fighting       | 1 |  1.1
Dodging        | |  2.8
Spellcasting   | |  1.6
Hexes          | |  4.4

Action                   |  1- 3 |  4- 6 || total
-------------------------+-------+-------++-------
Melee: Short sword       |       |    31 ||    31
 Fire: Sling             |   138 |    56 ||   194
 Cast: Slow              |     3 |     2 ||     5
  Use: Potion            |       |     1 ||     1
Armor: Robe              |    21 |    14 ||    35
Dodge: Dodged            |    92 |    25 ||   117
